 Dungeon Crawl Stone Soup version 0.31-a0-177-g4aa6249778 (webtiles) character file.

Game seed: 800661587831718926

3 gelatine the Trooper (level 1, -1/18 HPs)
             Began as a Demonspawn Fighter on June 18, 2023.
             Slain by a goblin
             ... wielding a +0 club
              (2 damage)
             ... on level 1 of the Dungeon.
             The game lasted 00:00:15 (32 turns).

gelatine the Trooper (Demonspawn Fighter)             Turns: 32, Time: 00:00:16

Health: -1/18      AC:  6    Str: 16    XL:     1   Next: 41%
Magic:  1/1        EV:  8    Int:  9    God:
Gold:   0          SH:  4    Dex: 12    Spells: 0/0 levels left

rFire   . . .        a - +0 war axe
rCold   . . .        c - +0 buckler
rNeg    . . .        b - +0 scale mail
rPois   .            (no helmet)
rElec   .            (no cloak)
rCorr   .            (no gloves)
SInv    .            (no boots)
Will    .....        (no amulet) Stlth
                     (no ring)
HPRegen 0.23/turn    (no ring)
MPRegen 0.07/turn

%: no passive effects
@: no status effects
A: no striking features
a: no special abilities


You were on level 1 of the Dungeon.
You visited 1 branch of the dungeon, and saw 1 of its levels.

Inventory:

Hand Weapons
 a - a +0 war axe (weapon)
Armour
 b - a +0 scale mail (worn)
 c - a +0 buckler (worn)
Potions
 d - a potion of might
 e - 2 potions of curing {unknown}


   Skills:
 + Level 3.1 Fighting
 + Level 1.7 Axes
 + Level 2.7 Armour
 + Level 2.7 Shields


You couldn't memorise any spells.
You didn't know any spells.
Your spell library was empty.

Dungeon Overview and Level Annotations

Branches:
Dungeon (1/15)

Altars:


Message History

The bat hits you but does no damage. The goblin hits you with a +0 club.
The bat hits you.
You hit the goblin but do no damage. You barely miss the bat.
You hit the endoplasm. The bat hits you but does no damage.
The bat closely misses you. The endoplasm freezes you.
You are frozen.
The goblin hits you but does no damage.
You miss the goblin. You miss the bat. You hit the endoplasm.
You kill the endoplasm!
You block the bat's attack. The goblin hits you but does no damage.
The bat completely misses you.
You barely miss the bat. You barely miss the goblin.
The bat closely misses you. The goblin hits you with a +0 club. x2
You closely miss the goblin. You hit the endoplasm. You block the bat's attack.
The bat hits you but does no damage. The goblin hits you but does no damage.
The endoplasm freezes you.
You are frozen.
You closely miss the goblin. You hit the bat but do no damage.
You hit the endoplasm.
You kill the endoplasm!
The bat barely misses you. The goblin hits you but does no damage.
The bat hits you but does no damage. You block the goblin's attack.
You barely miss the goblin. You hit the bat. The bat barely misses you.
The goblin hits you with a +0 club.
You miss the goblin. You closely miss the bat. The bat barely misses you.
The goblin barely misses you. The bat hits you.
* * * LOW HITPOINT WARNING * * *
The goblin hits you with a +0 club.
* * * LOW HITPOINT WARNING * * *
You closely miss the goblin. You hit the bat.
You kill the bat!
The goblin hits you but does no damage.
You barely miss the goblin.
The goblin hits you but does no damage. x2
You barely miss the goblin. The goblin hits you but does no damage.
You barely miss the goblin. The goblin hits you with a +0 club.
* * * LOW HITPOINT WARNING * * *
The goblin barely misses you.
You barely miss the goblin. The goblin misses you.
You closely miss the goblin. The goblin hits you with a +0 club.
You die...

##### #...# ........
#.<.# #........ #...#
#........ ###'#####
#........ #####.....+.##
#......
#...#.....#..###..#.####
#.8.+..⌠..#....g........
#...#.....#.....@†......
#####.....'.............
###+####....###.####
#...# ###..# # #.8.#
#.## #...# ..# #####
#.## ..


You could see a goblin.

Vanquished Creatures
  2 endoplasms (D:1)
  A bat (D:1)
3 creatures vanquished.

Notes
Turn   | Place    | Note
-------+----------+-------------------------------------------
     0 | D:1      | gelatine the Demonspawn Fighter began the quest for the
                  | Orb.
     0 | D:1      | Reached XP level 1. HP: 18/18 MP: 1/1
    32 | D:1      | Slain by a goblin

Illustrated notes

Levels and vault maps discovered:
D:1:      minmay_arrival_stair_chambers, layout_basic, serial_bayou_lagoon_a

Action                     || total
---------------------------++-------
  Melee: War axe           ||    13
 Armour: Scale mail        ||    12
  Dodge: Dodged            ||    12
  Block: Buckler           ||     3

Table legend: (Time is in decaauts)
 A = Elapsed time spent in this place.
 B = Non-inter-level travel time spent in this place.
 C = Inter-level travel time spent in this place.
 D = Time resting spent in this place.
 E = Time spent auto-exploring this place.
 F = Levels seen in this place.
 G = Mean time per level.
                   A        B        C        D        E       F      G
               +--------+--------+--------+--------+--------+-----+--------+
         Total |     37 |     37 |      0 |      0 |     13 |   1 |   37.0 |
       Dungeon |     37 |     37 |      0 |      0 |     13 |   1 |   37.0 |
               +--------+--------+--------+--------+--------+-----+--------+

Top non-repeatable levels by time:
     D:1: 37 daAuts
